 Dungeon Crawl Stone Soup version 0.22.0-27-ga576289 (webtiles) character file.

162 leisz the Firebug (level 5, 0/42 HPs)
             Began as a Draconian Fire Elementalist on Aug 22, 2018.
             Slain by Menkaure (3 damage)
             ... on level 3 of the Dungeon.
             The game lasted 00:12:49 (2010 turns).

leisz the Firebug (Draconian Fire Elementalist)     Turns: 2010, Time: 00:12:49

Health: 0/42       AC:  8    Str: 11    XL:     5   Next: 19%
Magic:  8/9        EV: 12    Int: 16    God:
Gold:   98         SH:  0    Dex: 11    Spells: 9/10 levels left

rFire    . . .     SeeInvis .   p - +0 falchion
rCold    . . .     Gourm    .   (no shield)
rNeg     . . .     Faith    .   (armour unavailable)
rPois    .         Spirit   .   (helmet restricted)
rElec    .         Reflect  .   (no cloak)
rCorr    .         Harm     .   l - +2 pair of gloves
MR       .....                  (no boots)
Stlth    ++........             (no amulet)
HPRegen  0.14/turn              (no ring)
MPRegen  0.11/turn              (no ring)

@: no status effects
A: unfitting armour, cold-blooded, AC +5
a: no special abilities


You were on level 3 of the Dungeon.
You were hungry.

You visited 1 branch of the dungeon, and saw 4 of its levels.

You collected 98 gold pieces.

Inventory:

Hand Weapons
 h - a +0 dagger
 p - a +0 falchion (weapon)
Missiles
 d - 85 stones (quivered)
Armour
 l - a +2 pair of gloves (worn)
Jewellery
 o - an uncursed ring of stealth {unknown}
Wands
 k - a wand of random effects (25)
Scrolls
 c - a scroll of amnesia {unknown}
 g - 2 scrolls of identify {unknown}
 i - 2 scrolls of remove curse {unknown}
 j - a scroll of teleportation {unknown}
 m - a scroll of magic mapping {unknown}
Potions
 e - a potion of lignification {unknown}
 f - a potion of brilliance {unknown}
 n - a potion of might {unknown}
 q - a potion of berserk rage {unknown}
Comestibles
 a - 2 chunks of flesh
 b - 2 rations


   Skills:
 + Level 2.4 Fighting
 - Level 1.8 Dodging
 - Level 1.8 Stealth
 + Level 3.0 Spellcasting
 + Level 2.5 Conjurations
 + Level 3.9 Fire Magic


You had 9 spell levels left.
You knew the following spells:

 Your Spells              Type           Power        Failure   Level  Hunger
a - Flame Tongue          Conj/Fire      ##...        4%          1    #......

Your spell library contained the following spells:

 Spells                   Type           Power        Failure   Level  Hunger
 Throw Flame              Conj/Fire      ##....       8%          2    ##.....
 Conjure Flame            Conj/Fire      ##......     14%         3    ###....
 Inner Flame              Hex/Fire       #.......     26%         3    ###....
 Sticky Flame             Conj/Fire      ##......     43%         4    #####..
 Fireball                 Conj/Fire      ##........   80%         5    ######.


Dungeon Overview and Level Annotations

Branches:
Dungeon (4/15)
 Temple: D:4-7

Altars:

Annotations:
D:3 Grinder, Menkaure


Innate Abilities, Weirdness & Mutations

Your plain brown scales are hard. (AC +5)
You cannot fit into any form of body armour.
You are cold-blooded and may be slowed by cold attacks.


Message History

The frilled lizard bites you.
* * * LOW HITPOINT WARNING * * *
The leopard gecko bites you but does no damage.
Evoke which item? (* to show all) (? for menu, Esc to quit)
Aiming: Random Effects
Press: ? - help, Shift-Dir - straight line, f - leopard gecko
Aim: a leopard gecko (clinging)
The leopard gecko looks slightly unstable.
The frilled lizard barely misses you.
You riposte.
You completely miss the frilled lizard.
Your tail-slap misses the frilled lizard.
The leopard gecko barely misses you. Menkaure misses you.
You riposte.
You hit Menkaure but do no damage. You hit the leopard gecko.
The leopard gecko is severely wounded.
Grinder says, "Wait up."
The leopard gecko barely misses you.
The frilled lizard bites you but does no damage.
Menkaure hits you.
You die...

#. .##.. ......
..##..#############
.......##.M........
......5..l@l....#
#.....)######.#
#......# #...%.##
#.....#
#######ยง#### ..
........# .#
#######.# .# #M#


You could see Grinder, Menkaure, a leopard gecko and a frilled lizard.

Vanquished Creatures
  An orc priest (D:3)
  An orc wizard (D:3)
  Jessica (D:2)
  2 adders
  2 worms (D:2)
  A dart slug (D:1)
  2 leopard geckos (D:2)
  7 orcs
  A ball python (D:1)
  3 giant cockroaches
  3 goblins
  5 hobgoblins
  3 jackals (D:2)
  4 bats
  4 frilled lizards
  2 kobolds
  6 rats
48 creatures vanquished.

Notes
Turn   | Place    | Note
-------+----------+-------------------------------------------
     0 | D:1      | leisz the Draconian Fire Elementalist began the quest for the Orb.
     0 | D:1      | Reached XP level 1. HP: 14/14 MP: 3/3
   191 | D:1      | Reached XP level 2. HP: 19/22 MP: 1/5
   559 | D:1      | Reached skill level 1 in Fighting
   981 | D:2      | Reached XP level 3. HP: 28/28 MP: 2/6
  1281 | D:2      | Noticed Jessica
  1303 | D:2      | Killed Jessica
  1303 | D:2      | Reached XP level 4. HP: 36/36 MP: 2/7
  1746 | D:3      | Reached XP level 5. HP: 27/42 MP: 3/9
  1958 | D:3      | Noticed Grinder
  1984 | D:4      | Noticed Menkaure
  2010 | D:3      | Slain by Menkaure

Skill      XL: |  1  2  3  4 |
---------------+-------------+-----
Fighting       | 1 2 |  2.4
Conjurations   | 2 |  2.5
Spellcasting   | 3 |  3.0
Dodging        | |  1.8
Stealth        | |  1.8
Fire Magic     | |  3.9

Action                   |  1- 3 |  4- 6 || total
-------------------------+-------+-------++-------
Melee: Unarmed           |    14 |       ||    14
       Dagger            |    16 |    65 ||    81
       Tailslap          |     3 |    13 ||    16
       Falchion          |       |    16 ||    16
Throw: Stone             |    11 |     8 ||    19
 Cast: Flame Tongue      |    49 |    40 ||    89
Evoke: Wand              |       |     3 ||     3
 Stab: Sleeping          |       |     1 ||     1
  Eat: Chunk             |     2 |     2 ||     4
Armor: Skin              |    13 |    22 ||    35
Dodge: Dodged            |    41 |    37 ||    78
       Rpst.: Falchion   |       |     6 ||     6
